Map: Terraform LE (Void)

Players

Monty

  • Race: Protoss Protoss
  • League: Master

TgfB - Winner!

  • Race: Protoss Protoss
  • League: Master

Event: Lycan League Weekly August #3

VOD

Have the link to the VOD?

Description

Time

  • Played on: Aug. 17, 2015, 12:24 p.m.
  • Length: 10:02

All games in this series

Show
View Real Time Build Order
Export as new Build Order

Monty Protoss 

Build Orders: Oracle Opening 

Get SALT Encoding   

  12  0:01  Probe  
  13  0:14  Pylon  
  13  0:19  Probe  
  14  0:32  Probe (Chrono Boost)  
  14  0:34  Gateway  
  15  0:45  Probe (Chrono Boost)  
  16  0:50  Assimilator  
  16  0:54  Assimilator  
  16  0:56  Probe (Chrono Boost)  
  17  1:08  Probe (Chrono Boost)  
  18  1:12  Gateway  
  18  1:16  Probe (Chrono Boost)  
  20  1:25  Probe  
  20  1:30  Cybernetics Core  
  20  1:37  Probe  
  21  1:44  Pylon  
  21  1:49  Probe  
  22  2:08  Stalker x2 (Chrono Boost)  
  24  2:11  Warp Gate (Chrono Boost)  
  26  2:22  Stargate  
  26  2:31  Stalker  
  28  2:37  Stalker  
  30  2:45  Pylon  
  30  3:10  Oracle  
  32  3:29  Probe  
  32  3:33  Pylon x2  
  33  3:44  Probe (Chrono Boost)  
  34  3:54  Robotics Facility  
  36  3:56  Mothership Core (Chrono Boost)  
  36  4:05  Stalker x2  
  40  4:11  Phoenix  
  42  4:26  Probe  
  43  4:33  Robotics Facility  
  43  4:38  Probe  
  43  4:42  Phoenix (Chrono Boost)  
  46  4:51  Pylon  
  46  4:54  Adept x2  
  46  4:58  Gateway  
  50  5:06  Phoenix (Chrono Boost)  
  52  5:15  Zealot  
  54  5:23  Immortal (Chrono Boost)  
  54  5:28  Probe  
  57  5:40  Probe  
  58  5:56  Probe  
  59  5:58  Nexus  
  59  6:08  Probe  
  60  6:14  Adept, Pylon  
  62  6:22  Forge  
  62  6:27  Twilight Council  
  62  6:39  Sentry, Adept  
  63  6:41  Probe (Chrono Boost)  
  64  6:51  Probe (Chrono Boost)  
  65  6:58  Probe  
  65  7:00  Protoss Ground Weapons Level 1 (Chrono Boost)  
  66  7:04  Observer (Chrono Boost), Pylon  
  67  7:08  Assimilator  
  67  7:09  Probe  
  67  7:10  Probe  
  69  7:22  Probe x2  
  69  7:34  Probe x2  
  71  7:44  Gateway  
  71  7:45  Gateway  
  71  7:46  Probe  
  71  7:47  Probe, Shield Upgrade, Gateway  
  71  7:50  Gateway  
  73  7:57  Adept x2  
  77  8:03  Templar Archives  
  77  8:12  Pylon  
  77  8:14  Pylon  
  77  8:17  Probe  
  78  8:22  Adept x2  
  78  8:25  Pylon  
  82  8:33  Pylon x2  
  82  8:45  Pylon  
  82  8:47  High Templar x2  
  86  8:49  Adept  
  86  8:52  Adept, Archon  
  86  8:54  Adept  
  86  8:55  Pylon  
  92  9:03  Adept  
  94  9:10  Adept x3  
  100  9:18  Adept  
  100  9:20  Adept x2  
  106  9:28  Adept  
  108  9:42  Adept  
  108  9:43  Adept x4  
  70  9:54  Adept  
Show
View Real Time Build Order
Export as new Build Order

TgfB Protoss - Winner!

Build Orders: Blink Stalkers 

Get SALT Encoding   

  12  0:01  Probe  
  13  0:14  Pylon  
  13  0:18  Probe  
  14  0:32  Probe (Chrono Boost)  
  14  0:34  Gateway  
  16  0:43  Assimilator  
  16  0:44  Probe (Chrono Boost)  
  16  0:50  Probe (Chrono Boost)  
  16  0:52  Assimilator  
  17  1:01  Probe  
  18  1:13  Probe (Chrono Boost)  
  19  1:24  Cybernetics Core, Probe (Chrono Boost)  
  20  1:28  Pylon  
  20  1:30  Probe (Chrono Boost)  
  21  1:42  Probe (Chrono Boost)  
  22  1:50  Probe (Chrono Boost)  
  23  2:00  Mothership Core (Chrono Boost)  
  23  2:01  Stalker, Warp Gate (Chrono Boost)  
  27  2:04  Pylon  
  27  2:20  Probe (Chrono Boost)  
  27  2:22  Gateway  
  28  2:23  Gateway  
  28  2:31  Twilight Council  
  28  2:39  Stalker  
  30  2:46  Probe  
  32  2:58  Probe  
  32  3:05  Robotics Facility  
  32  3:15  Pylon  
  32  3:20  Stalker  
  32  3:35  Blink (Chrono Boost)  
  32  3:36  Pylon  
  32  3:40  Pylon  
  32  3:53  Sentry  
  38  4:03  Immortal (Chrono Boost)  
  38  4:04  Probe  
  39  4:14  Pylon  
  39  4:16  Stalker  
  41  4:22  Stalker  
  41  4:34  Probe  
  42  4:39  Observer  
  43  4:48  Pylon  
  43  5:01  Nexus  
  43  5:07  Stalker  
  43  5:08  Stalker  
  47  5:17  Stalker  
  49  5:23  Probe  
  50  5:37  Probe  
  51  5:52  Pylon  
  51  5:53  Stalker x3  
  51  5:55  Probe  
  58  6:08  Probe (Chrono Boost)  
  55  6:14  Probe (Chrono Boost)  
  55  6:17  Stalker, Sentry  
  62  6:25  Probe (Chrono Boost)  
  62  6:26  Probe (Chrono Boost)  
  62  6:32  Probe x2 (Chrono Boost)  
  64  6:42  Forge  
  64  6:43  Probe  
  64  6:44  Probe  
  66  6:49  Observer  
  66  6:51  Adept x2  
  71  6:54  Pylon  
  71  7:04  Probe  
  71  7:06  Gateway, Probe  
  71  7:07  Protoss Ground Weapons Level 1 (Chrono Boost)  
  73  7:09  Pylon  
  73  7:10  Adept  
  73  7:12  Shield Upgrade (Chrono Boost)  
  74  7:22  Probe x2  
  74  7:25  Stalker  
  76  7:31  Adept x2  
  76  7:34  Probe  
  81  7:39  Probe  
  81  7:43  Photon Cannon  
  82  7:46  Probe  
  83  7:55  Nexus  
  83  7:59  Pylon  
  83  8:08  Gateway  
  83  8:10  Gateway  
  83  8:17  Adept x2  
  83  8:19  Adept  
  89  8:31  Pylon  
  89  8:37  Adept x3  
  97  8:47  Pylon  
  95  8:50  Photon Cannon  
  95  8:58  Adept x4  
  95  9:02  Probe x2  
  105  9:07  Adept  
  105  9:08  Adept  
  109  9:19  Adept x2, Pylon  
  109  9:23  Adept x2  
  117  9:28  Adept  
  119  9:42  Adept  
  119  9:43  Adept x3  
  121  9:47  Adept  

Tags
 
Add a new tag
Caveats
  • Supply blocks, unpowered buildings, or Contaminate may cause inaccurate times.
  • Supply counts are checked every 10 seconds.